 Dungeon Crawl Stone Soup version 0.25.0-1-g7eea58d (webtiles) character file.

Game seed: 10388446216039640286

16230 Dorkslayer the Grappler (level 12, -4/107 HPs)
             Began as a Troll Fighter on June 27, 2020.
             Was a High Priest of Okawaru.
             Slain by an orc warrior
             ... wielding a +0 glaive
              (6 damage)
             ... on level 1 of the Orcish Mines.
             The game lasted 00:43:01 (8962 turns).

Dorkslayer the Grappler (Troll Fighter)             Turns: 8962, Time: 00:43:03

Health: -4/107     AC:  9    Str: 27    XL:     12   Next: 8%
Magic:  14/14      EV: 11    Int:  3    God:    Okawaru [*****.]
Gold:   956        SH: 15    Dex: 12    Spells: 11/11 levels left

rFire    . . .     SeeInvis +     - Unarmed
rCold    . . .     Gourm    +   b - +1 kite shield
rNeg     . . .     Faith    .   n - +0 troll leather armour {Purgy}
rPois    +         Spirit   .   (helmet restricted)
rElec    .         Reflect  .   i - +0 cloak
rCorr    .         Harm     .   (gloves unavailable)
MR       +....                  (boots unavailable)
Stlth    +.........             (no amulet)
HPRegen  1.07/turn              l - ring of poison resistance
MPRegen  0.14/turn              O - ring of protection from magic

@: no status effects
A: large, unfitting armour, claws 3, large bone plates 1, see invisible, dopey
1, fast metabolism 3, gourmand, mutation resistance 1, regeneration 1, shaggy
fur 1, tough skin 3
a: Heroism, Finesse, Renounce Religion


You were on level 1 of the Orcish Mines.
You worshipped Okawaru.
Okawaru was extremely pleased with you.
You were not hungry.

You visited 3 branches of the dungeon, and saw 13 of its levels.
You also visited: Sewer.

You collected 1271 gold pieces.
You spent 315 gold pieces at shops.

Inventory:

Hand Weapons
 m - a +1 scimitar of flaming
Missiles
 v - 42 poisoned darts
 z - 10 large rocks
 G - 4 boomerangs (quivered)
 L - a throwing net
Armour
 b - a +1 kite shield (worn)
 i - a +0 cloak (worn)
 n - a +0 troll leather armour (worn) {Purgy}
Jewellery
 l - a ring of poison resistance (left claw)
 O - a ring of protection from magic (right claw)
 P - an uncursed ring of stealth
Wands
 j - a wand of digging (6)
 w - a wand of polymorph (19)
 A - a wand of paralysis (6)
 C - a wand of acid (21)
 D - a wand of clouds (2)
 E - a wand of flame (4)
 J - a wand of random effects (9)
 K - a wand of enslavement (6)
Scrolls
 e - 2 scrolls of enchant armour
 f - 2 scrolls of random uselessness
 g - 9 scrolls of remove curse
 o - 3 scrolls of fear
 s - 2 scrolls of teleportation
 t - 2 scrolls of fog
 x - a scroll of immolation
 y - a scroll of summoning
 H - a scroll of magic mapping
 I - 3 scrolls of enchant weapon
 M - a scroll of amnesia {unknown}
Potions
 a - 3 potions of mutation
 c - 2 potions of might
 h - 3 potions of curing
 k - 3 potions of stabbing
 p - a potion of resistance
 q - 3 potions of brilliance
 u - a potion of magic
 B - 2 potions of flight
 F - a potion of cancellation
 N - a potion of invisibility
Comestibles
 d - 23 rations
 r - 9 chunks of flesh


   Skills:
 + Level 3.8 Fighting
 + Level 2.0 Throwing
 + Level 3.3 Armour
 + Level 5.0 Dodging
 + Level 1.5 Stealth
 + Level 6.1 Shields
 * Level 14.6 Unarmed Combat
 * Level 5.0 Evocations


You had 11 spell levels left.
You didn't know any spells.
Your spell library contained the following spells:

 Spells                   Type           Power        Failure   Level  Hunger
 Magic Dart               Conj           #...         77%         1    ##.....
 Searing Ray              Conj           #.....       88%         2    ###....
 Dazzling Flash           Conj/Hex       #.....       98%         3    ####...
 Fulminant Prism          Conj/Hex       #.........   100%        4    #####..
 Iskenderun's Mystic Bla  Conj/Tloc      #.......     100%        4    #####..


Dungeon Overview and Level Annotations

Branches:
Dungeon (11/15)            Temple (1/1) D:4            Lair (0/6) D:11
    Orc (1/2) D:11          Sewer (visited)

Altars:
Ashenzari
Cheibriados
Dithmenos
Elyvilon
Fedhas
Gozag
Hepliaklqana
Kikubaaqudgha
Makhleb
Nemelex Xobeh
Okawaru
Qazlal
Ru
Sif Muna
Trog
Uskayaw
Vehumet
Wu Jian
Xom
Yredelemnul
Zin
The Shining One

Shops:
D:4 (   D:5 %   D:7 **[


Innate Abilities, Weirdness & Mutations

You are too large for most types of armour.
You have claws for hands.
Your metabolism is lightning-fast.
You like to eat raw meat.
Your natural rate of healing is unusually fast.
You are covered in fur. (AC +1)
You have extremely tough skin. (AC +3)
You are partially covered in large bone plates. (SH +4)
You have supernaturally acute eyesight. (SInv)
You are dopey. (Int -2)
You are somewhat resistant to further mutation.


Message History

The orc wizard hits you but does no damage.
You block the orc warrior's attack.
You closely miss the orc wizard.
The orc wizard is severely wounded.
You block the orc wizard's attack. x2
The orc warrior hits you with a +0 short sword.
* * * LOW HITPOINT WARNING * * *
The orc warrior barely misses you.
You closely miss the orc wizard.
The orc wizard is severely wounded.
The orc wizard points at you and mumbles some strange words.
The puff of flame hits you!
* * * LOW HITPOINT WARNING * * *
You feel better.
The orc wizard points at you and mumbles some strange words.
The puff of flame hits you!
* * * LOW HITPOINT WARNING * * *
You block the orc warrior's attack.
The orc warrior hits you from afar with a +0 glaive.
You die...

#.................<....#
##.....÷)...........)..#
#......)........>.....#
##.#..).).............#
####.................#
#.................#
##.....#..........#
##.#.#............##
#.........@.......#
##.......o.o#....##
###.#....o.......#
####....§......#
###.§§§......
##§§§....$# ###§§....#
....... ....#.#


You could see 2 orc warriors and an orc wizard (fast).

Vanquished Creatures
  Josephine (D:11)
  Harold (D:9)
  Erica (D:8)
  2 two-headed ogres
  The ghost of MrDizzy the Frost Mage, a journeyman HaIE of Sif Muna (D:9)
  Nergalle (D:10)
  An unseen horror (D:11)
  A cyclops (Orc:1)
  An elephant (D:11)
  A hornet (D:9)
  A troll (D:11)
  2 hippogriffs
  A spriggan (D:7)
  4 wraiths (D:11)
  14 yaks
  3 hungry ghosts
  A soldier ant (D:11)
  Menkaure (D:6)
  3 sky beasts
  Purgy (Sewer)
  7 orc warriors
  An ice beast (D:5)
  2 black bears
  6 ogres
  2 eyes of draining (D:11)
  6 phantoms
  2 crocodiles (D:11)
  3 centaurs
  2 big kobolds (D:10)
  5 bullfrogs
  2 wyvern skeletons (D:9)
  3 scorpions
  5 killer bees (D:9)
  2 howler monkeys (D:7)
  4 electric eels (D:11)
  6 crimson imps
  2 bullfrog zombies
  7 hounds
  Crazy Yiuf (D:7)
  3 bullfrog skeletons
  4 centaur skeletons
  13 orc priests
  4 jellies
  12 orc wizards
  5 worker ants
  A killer bee zombie (D:6)
  A hound zombie (D:7)
  A hound skeleton (D:4)
  A worker ant zombie (D:9)
  A howler monkey skeleton (D:5)
  8 adders
  2 shadow imps
  5 oozes
  2 adder zombies
  3 adder skeletons
  6 worms
  2 dart slugs (D:1)
  6 leopard geckos
  47 orcs
  9 giant cockroaches
  9 goblins
  3 hobgoblins
  2 jackals (D:8)
  3 quokkas
  A ball python (D:5)
  5 bats
  9 frilled lizards
  3 jackal skeletons
  22 kobolds
  A leopard gecko skeleton (D:4)
  A leopard gecko zombie (D:6)
  3 quokka skeletons
  A quokka zombie (D:6)
  6 rats
315 creatures vanquished.

Vanquished Creatures (others)
  An ugly thing (D:11)
  A fungus (D:11)
2 creatures vanquished.

Grand Total: 317 creatures vanquished

Notes
Turn   | Place    | Note
-------+----------+-------------------------------------------
     0 | D:1      | Dorkslayer the Troll Fighter began the quest for the Orb.
     0 | D:1      | Reached XP level 1. HP: 22/22 MP: 0/0
   217 | D:1      | Reached XP level 2. HP: 29/29 MP: 1/1
   777 | D:2      | Found a faded altar of an unknown god.
   788 | D:2      | Reached XP level 3. HP: 36/36 MP: 2/2
  1126 | D:2      | Reached skill level 3 in Unarmed Combat
  1647 | D:3      | Reached XP level 4. HP: 37/44 MP: 3/3
  1695 | D:3      | Found a glowing drain.
  1710 | Sewer    | Entered a sewer
  1794 | Sewer    | Noticed Purgy
  1803 | Sewer    | Killed Purgy
  1803 | Sewer    | Reached skill level 4 in Unarmed Combat
  1803 | Sewer    | Reached XP level 5. HP: 42/50 MP: 4/4
  2179 | D:3      | Reached XP level 6. HP: 59/59 MP: 5/5
  2445 | D:4      | Reached skill level 1 in Stealth
  2445 | D:4      | Reached skill level 5 in Unarmed Combat
  2559 | D:4      | Reached skill level 1 in Evocations
  2593 | D:4      | Found Emekkiuz's Antique Weapon Shoppe.
  2983 | D:4      | Found a sparkling altar of Nemelex Xobeh.
  3095 | D:4      | Reached XP level 7. HP: 60/66 MP: 6/6
  3165 | D:4      | Found a staircase to the Ecumenical Temple.
  3180 | Temple   | Entered the Ecumenical Temple
  3255 | D:5      | Entered Level 5 of the Dungeon
  3295 | D:5      | Reached skill level 6 in Unarmed Combat
  3352 | D:5      | Found Guosuh's Food Boutique.
  3587 | D:5      | Reached skill level 1 in Armour
  3760 | D:5      | Reached skill level 7 in Unarmed Combat
  3763 | D:5      | Reached XP level 8. HP: 74/74 MP: 8/8
  4583 | D:6      | Reached skill level 8 in Unarmed Combat
  4623 | D:6      | Noticed Menkaure
  4633 | D:6      | Killed Menkaure
  4766 | D:6      | Found a basalt altar of Yredelemnul.
  4812 | D:6      | Found a shattered altar of Ashenzari.
  5073 | D:7      | Found a runed translucent door.
  5074 | D:7      | Noticed Crazy Yiuf
  5081 | D:7      | Killed Crazy Yiuf
  5175 | D:7      | Reached skill level 1 in Throwing
  5235 | D:7      | Reached skill level 9 in Unarmed Combat
  5436 | D:7      | Reached XP level 9. HP: 79/80 MP: 9/9
  5566 | D:7      | Found Yneriasa's Assorted Antiques.
  5579 | D:7      | Bought a scroll labeled WAHYOBL HOMMO for 30 gold pieces
  5579 | D:7      | Bought a long bronze wand for 120 gold pieces
  5589 | D:7      | Found Guzxakij's Armour Shop.
  5667 | D:7      | Found a hazy altar of Hepliaklqana.
  5687 | D:7      | Found Qekojelo's Assorted Antiques.
  5724 | D:7      | Bought a translucent jade ring for 140 gold pieces
  5724 | D:7      | Bought a metallic golden potion for 25 gold pieces
  5745 | D:7      | Identified the ring of the Equinox {*Tele rF- rN++ MR+}
                  | (You bought it in a shop on level 7 of the Dungeon)
  5863 | D:8      | Found a bloodstained altar of Trog.
  5967 | D:8      | Noticed Erica
  5971 | D:8      | Noticed a two-headed ogre
  5975 | D:8      | Killed Erica
  5975 | D:8      | Reached skill level 10 in Unarmed Combat
  5984 | D:8      | Killed a two-headed ogre
  6071 | D:8      | Reached XP level 10. HP: 91/91 MP: 11/11
  6087 | D:8      | Reached skill level 11 in Unarmed Combat
  6349 | D:8      | Gained mutation: You are partially covered in large bone
                  | plates. (SH +4) [potion of mutation]
  6349 | D:8      | Gained mutation: You are dopey. (Int -2) [potion of
                  | mutation]
  6349 | D:8      | Gained mutation: You have supernaturally acute eyesight.
                  | (SInv) [potion of mutation]
  6349 | D:8      | Gained mutation: You are somewhat resistant to further
                  | mutation. [potion of mutation]
  6586 | D:9      | Reached skill level 12 in Unarmed Combat
  6781 | D:9      | Found a shimmering altar of Xom.
  6785 | D:9      | Found a glowing silver altar of Zin.
  6785 | D:9      | Found an ancient bone altar of Kikubaaqudgha.
  6785 | D:9      | Found an iron altar of Okawaru.
  6793 | D:9      | Became a worshipper of Warmaster Okawaru
  6907 | D:9      | Noticed Harold
  6926 | D:9      | Killed Harold
  6926 | D:9      | Reached * piety under Okawaru
  6955 | D:9      | Reached skill level 5 in Shields
  6969 | D:9      | Reached ** piety under Okawaru
  7008 | D:9      | Found a runed translucent door.
  7008 | D:9      | Noticed MrDizzy's ghost (journeyman HaIE)
  7122 | D:9      | Killed MrDizzy's ghost
  7122 | D:9      | Reached *** piety under Okawaru
  7122 | D:9      | Reached skill level 13 in Unarmed Combat
  7122 | D:9      | Reached XP level 11. HP: 52/97 MP: 13/13
  7427 | D:10     | Entered Level 10 of the Dungeon
  7761 | D:10     | Noticed Nergalle
  7789 | D:10     | Killed Nergalle
  7889 | D:10     | Found Vop Iharch's Food Emporium.
  7952 | D:11     | Reached **** piety under Okawaru
  7993 | D:11     | Noticed an unseen horror
  8015 | D:11     | Killed an unseen horror
  8041 | D:11     | Identified a scroll of acquirement
  8084 | D:11     | Reached skill level 14 in Unarmed Combat
  8116 | D:11     | Noticed a white ugly thing
  8116 | D:11     | Noticed Josephine
  8137 | D:11     | Killed Josephine
  8140 | D:11     | Reached ***** piety under Okawaru
  8182 | D:11     | Found a sparkling altar of Nemelex Xobeh.
  8277 | D:11     | Received a gift from Okawaru
  8331 | D:11     | Noticed a two-headed ogre
  8338 | D:11     | Killed a two-headed ogre
  8338 | D:11     | Reached skill level 5 in Dodging
  8412 | D:11     | Found a staircase to the Orcish Mines.
  8528 | D:11     | Found a staircase to the Lair.
  8587 | D:11     | Reached skill level 5 in Evocations
  8596 | D:11     | Reached XP level 12. HP: 102/107 MP: 0/14
  8843 | Orc:1    | Entered Level 1 of the Orcish Mines
  8883 | Orc:1    | Received a gift from Okawaru
  8961 | Orc:1    | HP: 4/107 [orc wizard/puff of flame (8)]
  8962 | Orc:1    | Slain by an orc warrior

Illustrated notes

Levels and vault maps discovered:
D:1:      minmay_arrival_diagonal_passages, layout_loops_ring, grunt_decor_cap
D:2:      layout_basic, chequers_ecumenical_altar_simple_redux, first_ration
D:3:      layout_basic, cheibrodos_sewer_entry_bend
D:4:      minmay_wonky_spiral, layout_basic, minmay_temple_entry_fiery,
          serial_shops, nicolae_shop_window_shopping, nemelex_altar_shiori
D:5:      layout_gridville, serial_shops, shop
D:6:      layout_loops_ring, yredelemnul_altar_generic, ashenzari_altar_1,
          uniq_menkaure
D:7:      layout_loops_ring, old_standard_altar, serial_shops, shop, shop,
          nicolae_shop_waterfront, the_bakery, uniq_crazy_yiuf_cottage
D:8:      layout_basic, bloody_trog, uniq_erica
D:9:      layout_loops_ring, minitemple, hellmonk_ghost_happy_afterlife,
          uniq_harold
D:10:     layout_roguey, serial_shops, shop, grunt_decor_fettered, uniq_nergalle
D:11:     layout_gridville, david_lair_generic, hiddenorc1_lemuel,
          chequers_big_river, nemelex_diamond_rough_becter, uniq_josephine
Temple:   minmay_freezing_vapour_temple
Orc:1:    layout_caves, serial_shops, shop

Skill      XL: |  1  2  3  4  5  6  7  8  9 10 11 12 |
---------------+-------------------------------------+-----
Unarmed Combat | 3 4 5 7 9 10 13 14 | 14.6
Shields        | 3 4 5 6 |  6.1
Stealth        | 1 |  1.5
Evocations     | 1 2 3 4 5 |  5.0
Dodging        | 3 4 5 |  5.0
Armour         | 1 2 3 |  3.3
Throwing       | 1 2 |  2.0
Fighting       | 3 |  3.8

Action                   |  1- 3 |  4- 6 |  7- 9 | 10-12 || total
-------------------------+-------+-------+-------+-------++-------
Melee: Unarmed           |   129 |   145 |   272 |   421 ||   967
Throw: Dart              |       |       |     7 |       ||     7
       Boomerang         |       |       |     3 |    21 ||    24
Invok: Heroism           |       |       |       |     1 ||     1
Evoke: Wand              |       |       |     5 |    23 ||    28
  Use: Scroll            |     6 |     6 |     7 |     8 ||    27
       Potion            |       |       |       |     6 ||     6
 Stab: Sleeping          |     2 |     1 |       |     2 ||     5
  Eat: Chunk             |    19 |    13 |    29 |    28 ||    89
Armor: Robe              |    58 |    11 |       |       ||    69
       Troll leather arm |       |    32 |    75 |    83 ||   190
Dodge: Dodged            |    35 |    43 |    72 |    60 ||   210
Block: Kite shield       |    72 |    64 |   108 |   250 ||   494
